 Dungeon Crawl Stone Soup version 0.20.0-15-g7f486f2 (webtiles) character file.

116 dvd the Ruffian (level 4, 0/44 HPs)
             Began as a Troll Monk on June 16, 2017.
             Slain by an orc
             ... wielding a +0 hand axe
              (2 damage)
             ... on level 3 of the Dungeon.
             The game lasted 00:03:45 (1713 turns).

dvd the Ruffian (Troll Monk)                        Turns: 1713, Time: 00:03:45

Health: 0/44       AC:  5    Str: 20    XL:     4   Next: 70%
Magic:  3/3        EV: 11    Int:  6    God:
Gold:   112        SH:  0    Dex: 12    Spells: 3/3 levels left

rFire    . . .     SeeInvis .     - Unarmed
rCold    . . .     Gourm    +   (no shield)
rNeg     + . .     Faith    .   a - +0 robe
rPois    .         Spirit   .   (helmet restricted)
rElec    .         Reflect  .   (no cloak)
rCorr    .         Harm     .   (gloves unavailable)
MR       .....                  (boots unavailable)
Stlth    +.........             (no amulet)
Regen    0.6/turn               q - ring of positive energy
MPRegen  0.1/turn               (no ring)

@: confused
A: unfitting armour, claws 3, fast metabolism 3, gourmand, regeneration 1,
shaggy fur 1, tough skin 2
a: no special abilities


You were on level 3 of the Dungeon.
You were completely stuffed.

You visited 1 branch of the dungeon, and saw 3 of its levels.

You collected 112 gold pieces.

Inventory:

Missiles
 p - 3 tomahawks (quivered)
Armour
 a - a +0 robe (worn)
Jewellery
 q - a ring of positive energy (left claw)
Scrolls
 c - 6 scrolls of identify {unknown}
 d - 2 scrolls of teleportation {unknown}
 e - 2 scrolls of fog {unknown}
 f - a scroll of recharging {unknown}
 g - a scroll of noise {unknown}
 l - a scroll of remove curse {unknown}
 r - 3 scrolls of amnesia {unknown}
 s - a scroll of immolation {unknown}
Potions
 h - a potion of mutation {unknown}
 j - a potion of degeneration {unknown}
 k - a potion of invisibility {unknown}
 m - 2 potions of cancellation {unknown}
 n - a potion of resistance {unknown}
Comestibles
 b - 7 bread rations
 i - 20 chunks of flesh
 o - a royal jelly


   Skills:
 + Level 2.7 Fighting
 + Level 3.3 Dodging
 + Level 1.2 Stealth
 + Level 4.2 Unarmed Combat


You had 3 spell levels left.
You didn't know any spells.

Dungeon Overview and Level Annotations

Branches:
Dungeon (3/15)

Altars:
Uskayaw


Innate Abilities, Weirdness & Mutations

You are too large for most types of armour.
You have claws for hands.
Your metabolism is lightning-fast.
You like to eat raw meat.
Your natural rate of healing is unusually fast.
You are covered in fur. (AC +1)
You have very tough skin. (AC +2)


Message History

You barely miss the orc. Something hits you but does no damage.
The orc hits you with a short sword. The orc hits you but does no damage.
You scratch the orc.
The orc is moderately wounded.
Something hits you. The orc misses you. The orc closely misses you.
You completely miss the orc.
You hear some strange, mumbled words.
A magic dart appears from out of thin air!
The magic dart hits you! The orc hits you with a short sword.
The orc hits you with a hand axe!
* * * LOW HITPOINT WARNING * * *
You hear some strange, mumbled words.
You are confused.
The orc hits you but does no damage. The orc hits you with a short sword.
* * * LOW HITPOINT WARNING * * *
Something hits you.
* * * LOW HITPOINT WARNING * * *
The orc hits you with a hand axe.
You die...

.......#.. #.#
.......#.####### #.#
............<..# #.#
.......#.....#.######.#
......†...............#
..........##.#..###..##
.......#.l##.#..####.#####
####.###.oo#.#..##........
#.....@...#..##........
###########..##........
....#........
###.#........ #........
#........ #.#####..##
#......)... ########'##


You could see 2 orcs and a leopard gecko.

Vanquished Creatures
  An adder (D:2)
  2 oozes (D:1)
  5 worms
  A dart slug (D:2)
  11 orcs (D:3)
  8 bats
  6 giant cockroaches
  3 goblins
  6 hobgoblins
  6 jackals
  8 kobolds
  A ball python (D:2)
  5 frilled lizards
  6 rats
69 creatures vanquished.

Notes
Turn   | Place    | Note
-------+----------+-------------------------------------------
     0 | D:1      | dvd the Troll Monk began the quest for the Orb.
     0 | D:1      | Reached XP level 1. HP: 22/22 MP: 0/0
   206 | D:1      | Reached XP level 2. HP: 25/29 MP: 1/1
   675 | D:1      | Reached XP level 3. HP: 36/36 MP: 2/2
   987 | D:2      | Found a hide-covered altar of Uskayaw.
  1066 | D:2      | Reached XP level 4. HP: 41/44 MP: 3/3
  1478 | D:3      | Reached skill level 4 in Unarmed Combat
  1713 | D:3      | HP: 2/44 [something (5)]
  1713 | D:3      | Slain by an orc

Skill      XL: |  1  2  3  4 |
---------------+-------------+-----
Dodging        | 3 |  3.3
Unarmed Combat | 4 |  4.2
Fighting       | |  2.7
Stealth        | |  1.2

Action                   |  1- 3 |  4- 6 || total
-------------------------+-------+-------++-------
Melee: Unarmed           |   104 |    94 ||   198
       Punch             |     1 |     1 ||     2
 Stab: Sleeping          |     3 |       ||     3
  Eat: Chunk             |    15 |     6 ||    21
Armor: Robe              |    25 |    22 ||    47
Dodge: Dodged            |    54 |    56 ||   110
